Description

:D

Build Order

Get SALT Encoding   

  14  0:17  Supply Depot  
  15  0:29  Refinery  
  16  0:45  Barracks  
  19  1:32  Orbital Command, Reaper  
  20  1:43  Command Center  
  20  1:55  Factory  
  21  2:10  Barracks Reactor  
  22  2:14  Supply Depot  
  22  2:17  Refinery  
  24  2:45  Starport  
  25  2:48  Hellion x2  
  29  2:56  Orbital Command  
  30  3:05  Barracks Tech Lab  
  31  3:20  Widow Mine x2  
  35  3:21  Medivac  
  42  3:45  Hellion x2  
  51  4:02  Liberator  
  55  4:16  Factory Tech Lab  
  55  4:17  Command Center  
  61  4:45  Stimpack  
  62  4:55  Barracks x2  
  62  4:57  Starport Reactor  
  62  4:59  Refinery x2, Siege Tank  
  67  5:06  Engineering Bay x2  
  69  6:00  Starport Reactor  
  78  6:05  Action  Lift 3rd cc to 3rd base
  93  6:30  Barracks x2  
  104  6:48  Combat Shield  
  109  7:03  Armory  
  117  7:10  Action  Push with 3 tank marine and medivacs
  138  8:45  Command Center  
  155  9:20  Barracks x3  
  198  10:40  Command Center  
Spawning Tool Build Advisor. Get it on Overwolf

Go to:

Details

  • Created by: StriKE_SC2
  • Published on: Feb 26, 2019
  • Modified on: Feb 26, 2019
  • Patch: 4.7.1
Show
View Real Time Build Order
Export as new Build Order

Comments (0)

There are no comments. Be the first!

Create an account to comment!